 Dungeon Crawl Stone Soup version 0.30-a0-779-g7971cf19c3 (webtiles) character file.

Game seed: 15549853697341540984

16 cforsyth the Conjurer (level 2, -2/18 HPs)
             Began as a Tengu Reaver on Feb 17, 2023.
             Slain by a goblin
             ... wielding a +0 club
              (3 damage)
             ... on level 1 of the Dungeon.
             The game lasted 00:00:37 (753 turns).

cforsyth the Conjurer (Tengu Reaver)                 Turns: 753, Time: 00:00:38

Health: -2/18      AC:  3    Str: 12    XL:     2   Next: 54%
Magic:  6/6        EV: 11    Int: 13    God:
Gold:   51         SH:  0    Dex: 12    Spells: 4/5 levels left

rFire   . . .      SeeInvis .    a - +0 hand axe
rCold   . . .      Faith    .    (no shield)
rNeg    . . .      Spirit   .    b - +0 leather armour
rPois   .          Reflect  .    (helmet restricted)
rElec   .          Harm     .    (no cloak)
rCorr   .          Rampage  .    (no gloves)
Will    .....                    (boots unavailable)
Stlth   +                        (no amulet)
HPRegen 0.23/turn                (no ring)
MPRegen 0.10/turn                (no ring)

@: no status effects
A: beak, talons 3
a: no special abilities


You were on level 1 of the Dungeon.
You visited 1 branch of the dungeon, and saw 1 of its levels.

You collected 51 gold pieces.

Inventory:

Hand Weapons
 a - a +0 hand axe (weapon)
Armour
 b - a +0 leather armour (worn)
Scrolls
 d - a scroll of vulnerability {unknown}
 e - a scroll of immolation {unknown}
 f - a scroll of amnesia {unknown}
Potions
 c - a potion of ambrosia {unknown}
 g - 2 potions of berserk rage {unknown}
 h - a potion of brilliance {unknown}


   Skills:
 + Level 2.3 Fighting
 - Level 3.2 Axes
 - Level 2.1 Dodging
 + Level 2.3 Spellcasting
 + Level 4.4 Conjurations


You had 4 spell levels left.
You knew the following spells:

 Your Spells              Type           Power      Damage    Failure   Level
a - Kiss of Death         Conj/Necr      28%        2d7       13%         1

Your spell library contained the following spells:

 Spells                   Type           Power      Damage    Failure   Level
 Momentum Strike          Conj/Tloc      14%        3d8       19%         2
 Hailstorm                Conj/Ice       7%         3d4       36%         3


Dungeon Overview and Level Annotations

Branches:
Dungeon (1/15)

Altars:


Innate Abilities, Weirdness & Mutations

You have a beak for a mouth.
You have claws for feet.


Message History

There is an open door here.
You open the door.
A hobgoblin and a goblin come into view.
The goblin shouts!
There is an open door here.
There are monsters nearby!
There are monsters nearby!
There are monsters nearby!
The hobgoblin shouts!
The hobgoblin closely misses you.
You hit the hobgoblin. Your kick misses the hobgoblin.
The hobgoblin is heavily wounded.
The hobgoblin hits you but does no damage. x2
You barely miss the hobgoblin. You peck the hobgoblin.
The hobgoblin is heavily wounded.
The hobgoblin hits you.
You hit the hobgoblin.
You kill the hobgoblin!
You closely miss the goblin. The goblin hits you with a +0 club.
You closely miss the goblin. The goblin hits you with a +0 club.
You are too injured to fight recklessly!
You are too injured to fight recklessly!
You are too injured to fight recklessly!
You are too injured to fight recklessly!
You are too injured to fight recklessly!
You are too injured to fight recklessly!
A goblin is nearby!
A goblin is nearby!
You are too injured to fight recklessly!
You are too injured to fight recklessly!
You closely miss the goblin. Your peck misses the goblin.
The goblin hits you with a +0 club.
You hit the goblin but do no damage. The goblin hits you with a +0 club.
* * * LOW HITPOINT WARNING * * *
You closely miss the goblin. The goblin hits you with a +0 club.
* * * LOW HITPOINT WARNING * * *
You hit the goblin. Your kick misses the goblin.
The goblin is heavily wounded.
The goblin hits you with a +0 club.
You die...

#.#...#.# ##
#..........##.#...#.# #
#..........##.#...#.#####
#..........##.#...#......
#..........##.#...#######
#..........#...........).
#..........#..##########.
#..........#.......... #.
#......g@..#..#.###### #.
###+##'#####..#.# #.
#.#####..#.# #.
#........#.# #.
########.#.# #.
#........#.# #.
#.########.# #.
#.########.# #.
#..........# #.


You could see a goblin.

Vanquished Creatures
  2 endoplasms (D:1)
  2 goblins (D:1)
  3 hobgoblins (D:1)
  3 jackals (D:1)
  A kobold (D:1)
  A frilled lizard (D:1)
12 creatures vanquished.

Notes
Turn   | Place    | Note
-------+----------+-------------------------------------------
     0 | D:1      | cforsyth the Tengu Reaver began the quest for the Orb.
     0 | D:1      | Reached XP level 1. HP: 12/12 MP: 4/4
   110 | D:1      | Reached XP level 2. HP: 17/17 MP: 6/6
   753 | D:1      | Slain by a goblin

Illustrated notes

Levels and vault maps discovered:
D:1:      dpeg_arrival_round_b, layout_basic

Action                     || total
---------------------------++-------
  Melee: Hand axe          ||    29
         Kick              ||     6
         Peck              ||     7
         Punch             ||     1
 Armour: Leather armour    ||     7
  Dodge: Dodged            ||    12

Table legend: (Time is in decaauts)
 A = Elapsed time spent in this place.
 B = Non-inter-level travel time spent in this place.
 C = Inter-level travel time spent in this place.
 D = Time resting spent in this place.
 E = Time spent auto-exploring this place.
 F = Levels seen in this place.
 G = Mean time per level.
                   A        B        C        D        E       F      G
               +--------+--------+--------+--------+--------+-----+--------+
         Total |    756 |    756 |      0 |      0 |    681 |   1 |  756.0 |
       Dungeon |    756 |    756 |      0 |      0 |    681 |   1 |  756.0 |
               +--------+--------+--------+--------+--------+-----+--------+

Top non-repeatable levels by time:
     D:1: 756 daAuts
